 Dungeon Crawl Stone Soup version 0.27-a0-242-ge0fc76b88b (webtiles) character file.

Game seed: 16142154167611208936

154 Borgoz the Ducker (level 5, -8/45 HPs)
             Began as a Ghoul Gladiator on Feb 2, 2021.
             Mangled by an orc warrior
             ... wielding a +0 war axe
              (12 damage)
             ... on level 2 of the Dungeon.
             The game lasted 00:02:31 (2379 turns).

Borgoz the Ducker (Ghoul Gladiator)                 Turns: 2379, Time: 00:02:32

Health: -8/45      AC:  6    Str: 18    XL:     5   Next: 36%
Magic:  4/4        EV: 12    Int:  3    God:
Gold:   82         SH:  3    Dex: 11    Spells: 4/4 levels left

rFire    . . .     SeeInvis .   a - +0 long sword
rCold    + . .     Faith    .   h - +0 buckler
rNeg     + + +     Spirit   .   b - +0 leather armour
rPois    ∞         Reflect  .   c - +0 helmet
rElec    .         Harm     .   (no cloak)
rCorr    .         Rampage  .   f - +0 pair of gloves
Will     .....                  n - +0 pair of boots
Stlth    +.........             (no amulet)
HPRegen  0.00/turn              (no ring)
MPRegen  0.09/turn              (no ring)

@: no status effects
A: claws 1, cold resistance 1, negative energy resistance 3, inhibited
regeneration, torment resistance, unbreathing
a: no special abilities


You were on level 2 of the Dungeon.
You visited 1 branch of the dungeon, and saw 3 of its levels.

You collected 82 gold pieces.

Inventory:

Hand Weapons
 a - a +0 long sword (weapon)
Missiles
 d - 3 throwing nets (quivered)
Armour
 b - a +0 leather armour (worn)
 c - a +0 helmet (worn)
 f - a +0 pair of gloves (worn)
 h - a +0 buckler (worn)
 n - a +0 pair of boots (worn)
Scrolls
 i - 3 scrolls of fog {unknown}
 j - 2 scrolls of teleportation {unknown}
 k - 5 scrolls of identify {unknown}
 m - a scroll of magic mapping {unknown}
 o - a scroll of enchant weapon {unknown}
 p - a scroll of random uselessness {unknown}
 q - a scroll of noise {unknown}
Potions
 e - 2 potions of curing {unknown}
 g - a potion of heal wounds {unknown}
 l - a potion of cancellation


   Skills:
 + Level 3.1 Fighting
 * Level 3.6 Long Blades
 - Level 1.7 Throwing
 + Level 1.3 Armour
 * Level 3.6 Dodging
 + Level 1.2 Shields


You had 4 spell levels left.
You didn't know any spells.
Your spell library was empty.

Dungeon Overview and Level Annotations

Branches:
Dungeon (3/15)

Altars:


Innate Abilities, Weirdness & Mutations

You thrive by killing the living.
You are immune to poison.
You have sharp fingernails.
Your flesh is cold resistant. (rC+)
You are immune to negative energy. (rN+++)
You do not regenerate when monsters are visible.
You are immune to unholy pain and torment.
You can survive without breathing.


Message History

You kill the rat!
The orc warrior hits you with a +0 war axe!
* * * LOW HITPOINT WARNING * * *
The orc priest hits you with a +0 hand axe.
* * * LOW HITPOINT WARNING * * *
The jackal bites you but does no damage.
The orc closely misses you. The jackal barely misses you.
The orc priest hits you with a +0 hand axe.
* * * LOW HITPOINT WARNING * * *
The orc barely misses you.
The orc hits you with a +0 whip of draining.
* * * LOW HITPOINT WARNING * * *
You climb upwards.
Reactivating autopickup.
There is a stone staircase leading down here.
You are too injured to fight recklessly!
You completely miss the orc. The jackal barely misses you.
The orc warrior hits you with a +0 war axe!
You die...

#.##...#.## #.##.#....#
#.##...#).#############
#.###.##..............# #.#
#.##.############.# #.###.##.#
#.# #........## ######.##
#####...#.#### #hoh....#
####.###.###@####..#
#.#..#..ooo.....#
#...###....#.##.##########
######.#..#..##.#.##...........
##...##.#.#.#.##.#............#.
##.###.#.#.#.#.##.############.#.
#.## ##..#.#....#.### #.#.
.#######.#..........# #.#. .#
#............#.#.# #.##


You could see an orc warrior, an orc priest, 2 orcs and 2 jackals.

Vanquished Creatures
  Natasha (thrice) (D:2)
  3 adders (D:2)
  A worm (D:2)
  2 dart slugs (D:2)
  A leopard gecko (D:2)
  7 giant cockroaches
  3 goblins
  7 hobgoblins
  5 bats
  3 frilled lizards
  6 kobolds
  7 rats
48 creatures vanquished.

Notes
Turn   | Place    | Note
-------+----------+-------------------------------------------
     0 | D:1      | Borgoz the Ghoul Gladiator began the quest for the Orb.
     0 | D:1      | Reached XP level 1. HP: 17/17 MP: 0/0
   373 | D:1      | Reached XP level 2. HP: 22/24 MP: 1/1
  1166 | D:2      | Reached XP level 3. HP: 26/30 MP: 2/2
  1647 | D:2      | Reached XP level 4. HP: 37/37 MP: 3/3
  1681 | D:2      | Reached skill level 1 in Armour
  1910 | D:2      | Noticed Natasha
  1921 | D:2      | Killed Natasha
  1922 | D:2      | Reached skill level 1 in Shields
  2194 | D:2      | Noticed Natasha
  2205 | D:2      | Killed Natasha
  2206 | D:2      | Reached XP level 5. HP: 37/45 MP: 4/4
  2310 | D:2      | Noticed Natasha
  2315 | D:2      | Killed Natasha
  2367 | D:3      | Noticed an orc warrior
  2379 | D:2      | Mangled by an orc warrior

Illustrated notes

Levels and vault maps discovered:
D:1:      wander_arrival_abandoned_jail, layout_basic
D:2:      layout_loops_ring, uniq_natasha
D:3:      layout_basic, minmay_ogre_servants

Skill      XL: |  1  2  3  4 |
---------------+-------------+-----
Long Blades    | 3 |  3.6
Dodging        | 3 |  3.6
Armour         | 1 |  1.3
Shields        | 1 |  1.2
Fighting       | 3 |  3.1
Throwing       | |  1.7

Action                   |  1- 3 |  4- 6 || total
-------------------------+-------+-------++-------
Melee: Long sword        |    89 |    54 ||   143
  Use: Potion            |       |     1 ||     1
Armor: Leather armour    |    47 |    24 ||    71
Dodge: Dodged            |    76 |    54 ||   130
Block: Buckler           |    13 |    16 ||    29
       Rpst.: Long sword |    27 |    17 ||    44

Table legend: (Time is in decaauts)
 A = Elapsed time spent in this place.
 B = Non-inter-level travel time spent in this place.
 C = Inter-level travel time spent in this place.
 D = Time resting spent in this place.
 E = Time spent auto-exploring this place.
 F = Levels seen in this place.
 G = Mean time per level.
                   A        B        C        D        E       F      G
               +--------+--------+--------+--------+--------+-----+--------+
         Total |   2432 |   2342 |     90 |    309 |   1643 |   3 |  810.7 |
       Dungeon |   2432 |   2342 |     90 |    309 |   1643 |   3 |  810.7 |
               +--------+--------+--------+--------+--------+-----+--------+

Top non-repeatable levels by time:
     D:2: 1248 daAuts
     D:1: 1173 daAuts
     D:3: 10 daAuts
